 Dungeon Crawl Stone Soup version 0.27-a0-1184-ge86db4a01e (webtiles) character file.

Game seed: 15787027320826810980

56 robertstho the Skirmisher (level 3, -4/34 HPs)
             Began as a Minotaur Berserker on May 18, 2021.
             Was a Believer of Trog.
             Killed from afar by a steam dragon (6 damage)
             ... with a ball of steam
             ... on level 3 of the Dungeon.
             The game lasted 00:01:34 (1655 turns).

robertstho the Skirmisher (Minotaur Berserker)      Turns: 1655, Time: 00:01:36

Health: -4/34      AC:  2    Str: 27    XL:     3   Next: 69%
Magic:  2/2        EV: 12    Int:  5    God:    Trog [**....]
Gold:   87         SH:  0    Dex:  9    Spells: 2/2 levels left

rFire    . . .     SeeInvis .   a - +0 hand axe
rCold    . . .     Faith    .   (no shield)
rNeg     + . .     Spirit   .   b - +0 animal skin
rPois    .         Reflect  .   (helmet restricted)
rElec    .         Harm     .   (no cloak)
rCorr    .         Rampage  .   (no gloves)
Will     .....                  (no boots)
Stlth    +.........             m - amulet of regeneration
HPRegen  1.11/turn              d - ring of positive energy
MPRegen  0.08/turn              h - +6 ring of strength

@: no status effects
A: horns 2, retaliatory headbutt
a: Renounce Religion, Berserk, Trog's Hand


You were on level 3 of the Dungeon.
You worshipped Trog.
Trog was pleased with you.
You visited 1 branch of the dungeon, and saw 3 of its levels.

You collected 87 gold pieces.

Inventory:

Hand Weapons
 a - a +0 hand axe (weapon)
Armour
 b - a +0 animal skin (worn)
Jewellery
 d - a ring of positive energy (left hand)
 h - a +6 ring of strength (right hand)
 m - an amulet of regeneration (around neck)
Scrolls
 e - 4 scrolls of magic mapping {unknown}
 g - a scroll of holy word {unknown}
 l - a scroll of fog {unknown}
 o - a scroll of teleportation {unknown}
Potions
 c - 3 potions of brilliance {unknown}
 f - 3 potions of curing {unknown}
 i - a potion of magic {unknown}
 j - 2 potions of haste {unknown}
 k - a potion of resistance {unknown}
 n - a potion of lignification {unknown}


   Skills:
 * Level 4.6 Fighting
 + Level 4.4 Axes
 * Level 2.8 Armour
 + Level 2.5 Dodging


You had 2 spell levels left.
You didn't know any spells.
Your spell library was empty.

Dungeon Overview and Level Annotations

Branches:
Dungeon (3/15)

Altars:
Hepliaklqana
Yredelemnul
The Shining One


Innate Abilities, Weirdness & Mutations

You have a pair of horns on your head.
You reflexively headbutt those who attack you in melee.


Message History

No target in view!
Found a robe.
Things that are here:
a +0 dagger; a bat corpse You open the door.
Found a ring mail.
Found a basalt altar of Yredelemnul.
There is an open door here.
There is an open door here.
As you open the door, it creaks loudly!
Found a frilled lizard corpse.
Found a glowing golden altar of the Shining One.
There is an open door here.
The angel shouts!
There is an open door here.
You now have 87 gold pieces (gained 12).
n - a golden potion
o - a scroll labelled BYTEBE COBROQA A steam dragon comes into view.
The steam dragon hisses angrily.
The steam dragon breathes steam at you. The ball of steam hits you!
The steam dragon moves out of view.
No target in view!
No target in view!
No target in view!
No target in view!
You are engulfed in a cloud of scalding steam.
You hit the steam dragon but do no damage.
You headbutt the steam dragon.
The steam dragon is lightly wounded.
You are engulfed in a cloud of scalding steam.
* * * LOW HITPOINT WARNING * * *
The steam dragon barely misses you. x2
You hit the steam dragon but do no damage.
You headbutt the steam dragon!
The steam dragon is heavily wounded.
You are engulfed in a cloud of scalding steam.
* * * LOW HITPOINT WARNING * * *
The steam dragon breathes steam at you. The ball of steam hits you.
You die...

.# ####.##### .# ###.#
## #...# # ##.### # #..#
# ##.## #..# #.. #.##
#####..... #.# ##.@D..#
#########.####ยงยง#####
.................#######
......###.######........
###### #.# #####.... #.#
.. #.# ##.## # #.....


You could see a steam dragon (catching breath).

Vanquished Creatures
  2 adders (D:2)
  A dart slug (D:1)
  A ball python (D:3)
  6 bats
  4 endoplasms
  2 hobgoblins
  3 jackals (D:1)
  A quokka (D:2)
  8 frilled lizards
  3 goblins
  3 kobolds
  2 rats (D:2)
36 creatures vanquished.

Vanquished Creatures (others)
  A frilled lizard (D:3)
1 creature vanquished.

Grand Total: 37 creatures vanquished

Notes
Turn   | Place    | Note
-------+----------+-------------------------------------------
     0 | D:1      | robertstho the Minotaur Berserker began the quest for the
                  | Orb.
     0 | D:1      | Reached XP level 1. HP: 19/19 MP: 0/0
   221 | D:1      | Reached XP level 2. HP: 27/27 MP: 1/1
   976 | D:2      | Reached XP level 3. HP: 34/34 MP: 2/2
  1369 | D:2      | Found a hazy altar of Hepliaklqana.
  1517 | D:3      | Reached ** piety under Trog
  1581 | D:3      | Found a basalt altar of Yredelemnul.
  1583 | D:3      | Noticed a profane servitor
  1595 | D:3      | Found a glowing golden altar of the Shining One.
  1597 | D:3      | Noticed an angel
  1652 | D:3      | Noticed a steam dragon
  1655 | D:3      | HP: 1/34 [steam dragon] (10)]
  1655 | D:3      | Killed from afar by a steam dragon

Illustrated notes

Levels and vault maps discovered:
D:1:      minmay_arrival_split_and_join, layout_loops_cross, chequers_arboretum
D:2:      layout_basic, basic_altar, shapermc_ecumenical_altar_mp_urbaneastern,
          minmay_misc_feat_rugged, minmay_unequal
D:3:      layout_rooms, grunt_temple_overflow_holy_war, bloody_makhleb,
          worldfamousw_hep_ancestral_shrine, nrook_mini_backslash,
          minmay_lizard_king

Skill      XL: |  1  2 |
---------------+-------+-----
Fighting       | 4 |  4.6
Axes           | 4 |  4.4
Armour         | |  2.8
Dodging        | |  2.5

Action                   || total
-------------------------++-------
Melee: Hand axe          ||    68
       Headbutt          ||     7
Armor: Animal skin       ||    22
Dodge: Dodged            ||    37

Table legend: (Time is in decaauts)
 A = Elapsed time spent in this place.
 B = Non-inter-level travel time spent in this place.
 C = Inter-level travel time spent in this place.
 D = Time resting spent in this place.
 E = Time spent auto-exploring this place.
 F = Levels seen in this place.
 G = Mean time per level.
                   A        B        C        D        E       F      G
               +--------+--------+--------+--------+--------+-----+--------+
         Total |   1660 |   1576 |     84 |      0 |   1397 |   3 |  553.3 |
       Dungeon |   1660 |   1576 |     84 |      0 |   1397 |   3 |  553.3 |
               +--------+--------+--------+--------+--------+-----+--------+

Top non-repeatable levels by time:
     D:1: 817 daAuts
     D:2: 640 daAuts
     D:3: 202 daAuts
